 Dungeon Crawl Stone Soup version 0.28.0-53-g5a82cb258f (webtiles) character file.

Game seed: 10922862645171571037

55 Zeld the Ogre Mage (level 3, -1/31 HPs)
             Began as an Ogre Fire Elementalist on June 6, 2022.
             Frozen to death by an endoplasm (5 damage)
             ... on level 2 of the Dungeon.
             The game lasted 00:01:16 (1281 turns).

Zeld the Ogre Mage (Ogre Fire Elementalist)         Turns: 1281, Time: 00:01:17

Health: -1/31      AC:  3    Str: 12    XL:     3   Next: 93%
Magic:  1/7        EV: 10    Int: 18    God:
Gold:   104        SH:  0    Dex:  9    Spells: 2/8 levels left

rFire   . . .      SeeInvis .   a - +4 rapier (venom)
rCold   . . .      Faith    .   (no shield)
rNeg    . . .      Spirit   .   b - +0 robe
rPois   .          Reflect  .   (helmet restricted)
rElec   .          Harm     .   (no cloak)
rCorr   .          Rampage  .   (gloves unavailable)
Will    .....                   (boots unavailable)
Stlth   +.........              (no amulet)
HPRegen 0.10/turn               (no ring)
MPRegen 0.10/turn               (no ring)

@: lethally poisoned (-1 -> -3)
A: large, unfitting armour, tough skin 1
a: no special abilities


You were on level 2 of the Dungeon.
You visited 1 branch of the dungeon, and saw 2 of its levels.

You collected 104 gold pieces.

Inventory:

Hand Weapons
 a - a +4 rapier of venom (weapon)
Armour
 b - a +0 robe (worn)
Scrolls
 c - a scroll of noise {unknown}
 g - 3 scrolls of fear {unknown}
Potions
 d - a potion of flight {unknown}
 e - 2 potions of curing {unknown}
 f - a potion of heal wounds {unknown}


   Skills:
 + Level 2.1 Dodging
 - Level 1.4 Stealth
 * Level 3.3 Spellcasting
 + Level 1.6 Conjurations
 * Level 3.2 Fire Magic


You had 2 spell levels left.
You knew the following spells:

 Your Spells              Type           Power      Damage    Failure   Level
a - Foxfire               Conj/Fire      44%        2x1d6     6%          1
b - Scorch                Fire           28%        2d6       6%          2
c - Inner Flame           Hex/Fire       8%         N/A       24%         3

Your spell library contained the following spells:

 Spells                   Type           Power      Damage    Failure   Level
 Sandblast                Erth           6%         2d5       16%         1
 Passwall                 Tmut/Erth      2%         N/A       24%         2
 Conjure Flame            Conj/Fire      11%        6-21      17%         3
 Stone Arrow              Conj/Erth      10%        3d7       34%         3
 Flame Wave               Conj/Fire      11%        2d5       50%         4


Dungeon Overview and Level Annotations

Branches:
Dungeon (2/15)

Altars:


Innate Abilities, Weirdness & Mutations

You are too large for most types of armour.
You have tough skin. (AC +1)


Message History

You closely miss the rat.
The rat is moderately wounded.
The rat completely misses you. The dart slug launches a dart at you.
The slug dart hits you. The adder bites you.
You hit the rat.
You kill the rat!
The endoplasm hits you. The adder bites you.
You hit the adder.
The adder is poisoned.
The adder is heavily wounded.
The adder bites you.
You are poisoned.
The adder poisons you! The endoplasm barely misses you. The adder misses you.
Casting: Scorch (safe; 6% risk of failure)
Confirm with . or Enter, or press ? or * to list all spells.
Flames lash the dart slug.
The dart slug is almost dead.
The dart slug's fire resistance burns away.
You feel sick. The endoplasm hits you. The dart slug launches a dart at you.
The slug dart hits you.
* * * LOW HITPOINT WARNING * * *
The adder bites you but does no damage.
Unknown command.
Casting: Scorch (safe; 6% risk of failure)
Confirm with . or Enter, or press ? or * to list all spells.
Flames lash the adder.
You kill the adder!
You feel sick.
The endoplasm hits you but does no damage.
Unknown command.
Unknown command.
You feel sick. The endoplasm hits you.
* * * LOW HITPOINT WARNING * * *
Casting: Scorch (safe; 6% risk of failure)
Confirm with . or Enter, or press ? or * to list all spells.
You conjure some foxfire!
You feel sick. The endoplasm freezes you.
You are frozen.
You die...

.....##.# #.# #.#
.....##.# #.# #.#
.....##.# #.# #.#
......#.# #.# #.#
......#.#. ## #.# #.#
......#.#.. #. #.# #.#
......#.###.#.#####.# #.#
..>##.#.#...?..v....###.##
#..##.#.#.#.#..J@........#
#..##.#.# #....v##########
#..#<...# #...†........
#..##...# #.$....w.....
#..##...#..............
...#....#.......#######
#.##.#..#...#####
........#.#. #.##....###.


You could see an endoplasm (ally target).

Vanquished Creatures
  2 adders (D:2)
  A dart slug (D:1)
  4 ball pythons (D:1)
  4 giant cockroaches
  2 goblins (D:1)
  6 quokkas
  A bat (D:1)
  3 frilled lizards (D:1)
  2 kobolds (D:1)
  11 rats
36 creatures vanquished.

Notes
Turn   | Place    | Note
-------+----------+-------------------------------------------
     0 | D:1      | Zeld the Ogre Fire Elementalist began the quest for the
                  | Orb.
     0 | D:1      | Reached XP level 1. HP: 16/16 MP: 3/3
    81 | D:1      | Reached skill level 1 in Conjurations
   248 | D:1      | Reached XP level 2. HP: 21/24 MP: 5/5
   253 | D:1      | Learned a level 2 spell: Scorch
   713 | D:1      | Reached XP level 3. HP: 31/31 MP: 5/7
   717 | D:1      | Learned a level 3 spell: Inner Flame
  1281 | D:2      | Frozen to death by an endoplasm

Illustrated notes

Levels and vault maps discovered:
D:1:      giann_horns, layout_loops_ring, minmay_rat_gold_closets
D:2:      layout_basic

Skill      XL: |  1  2 |
---------------+-------+-----
Conjurations   | 1 |  1.6
Dodging        | 2 |  2.1
Fire Magic     | 3 |  3.2
Spellcasting   | 3 |  3.3
Stealth        | |  1.4

Action                   || total
-------------------------++-------
Melee: Rapier            ||    58
 Cast: Scorch            ||     8
       Foxfire           ||     1
 Stab: Sleeping          ||     5
Armor: Robe              ||    13
Dodge: Dodged            ||    31
